 Dungeon Crawl Stone Soup version 0.20.1-1-g8b1a95d (webtiles) character file.

272 slacker the Cleaver (level 6, -1/51 HPs)
             Began as a Minotaur Berserker on July 30, 2017.
             Was a Priest of Trog.
             Slain by Grinder (5 damage)
             ... on level 3 of the Dungeon.
             The game lasted 00:04:26 (1724 turns).

slacker the Cleaver (Minotaur Berserker)            Turns: 1724, Time: 00:04:27

Health: -1/51      AC:  8    Str: 22    XL:     6   Next: 2%
Magic:  5/5        EV:  8    Int:  4    God:    Trog [***...]
Gold:   117        SH:  2    Dex: 11    Spells: 5/5 levels left

rFire    . . .     SeeInvis +   a - +0 hand axe
rCold    . . .     Gourm    .   (no shield)
rNeg     . . .     Faith    .   g - +0 chain mail
rPois    .         Spirit   .   (helmet restricted)
rElec    .         Reflect  +   (no cloak)
rCorr    .         Harm     .   (no gloves)
MR       ++...                  (no boots)
Stlth    ..........             r - +2 amulet of reflection
Regen    1.2/turn               s - ring of see invisible
MPRegen  0.1/turn               o - ring of flight

@: berserk cooldown, regenerating, slowed, very slow
A: retaliatory headbutt, horns 2
a: Berserk, Trog's Hand, Burn Spellbooks, Renounce Religion, Evoke Flight


You were on level 3 of the Dungeon.
You worshipped Trog.
Trog was most pleased with you.
You were hungry.

You visited 1 branch of the dungeon, and saw 3 of its levels.

You collected 117 gold pieces.

Inventory:

Hand Weapons
 a - a +0 hand axe (weapon)
Armour
 g - a +0 chain mail (worn)
Jewellery
 i - an uncursed ring of fire
 o - a ring of flight (right hand)
 r - a +2 amulet of reflection (around neck)
 s - a ring of see invisible (left hand)
Wands
 q - a wand of flame (13/48)
Scrolls
 e - 4 scrolls of identify {unknown}
 h - a scroll of enchant weapon {unknown}
 j - 2 scrolls of remove curse {unknown}
 m - a scroll of recharging {unknown}
 n - a scroll of teleportation {unknown}
Potions
 b - a potion of curing
 k - 3 potions of lignification {unknown}
 l - 2 potions of magic {unknown}
 p - a potion of might {unknown}
 u - a potion of mutation {unknown}
Comestibles
 c - 4 bread rations
 d - 4 fruits
 f - 6 chunks of flesh
 t - a meat ration
 v - a royal jelly


   Skills:
 - Level 3.6 Fighting
 + Level 8.2 Axes
 - Level 2.4 Armour
 - Level 2.1 Dodging


You had 5 spell levels left.
You didn't know any spells.

Dungeon Overview and Level Annotations

Branches:
Dungeon (3/15)

Altars:

Annotations:
D:3 Grinder


Innate Abilities, Weirdness & Mutations

You reflexively headbutt those who attack you in melee.
You have a pair of horns on your head.


Message History

Grinder blinks!
Unknown command.
You feel better.
Eat one of 7 chunks of flesh? (ye/n/q)
You eat one of the 7 chunks of flesh.
This raw flesh tastes terrible.
You are feeling hungry.
Grinder hits you!
* * * LOW HITPOINT WARNING * * *
You writhe in agony.
* * * LOW HITPOINT WARNING * * *
Your skin crawls.
You feel resistant to hostile enchantments.
You feel somewhat more hungry. Grinder hits you!
* * * LOW HITPOINT WARNING * * *
You writhe in agony.
* * * LOW HITPOINT WARNING * * *
You closely miss Grinder. You headbutt Grinder.
Grinder is severely wounded.
Grinder hits you but does no damage. Grinder hits you.
You die...

...>........#. .###
#######...###. ..>.
##..###. .....
#######....... .....
#...........># ......
#.#####.#..###
......#####.# #.##.#
......5....)#####.##.#
...!...@.).[.)....##.#
.....###############.#
### #.. ##. #


You could see Grinder.

Vanquished Creatures
  An orc wizard (D:3)
  Jessica (D:2)
  Natasha (thrice) (D:2)
  3 adders
  3 gnolls (D:3)
  A worm (D:2)
  2 dart slugs (D:1)
  A leopard gecko (D:1)
  10 orcs (D:3)
  8 goblins
  7 hobgoblins
  6 jackals (D:1)
  3 kobolds
  2 quokkas (D:3)
  5 bats
  6 frilled lizards
  16 rats
78 creatures vanquished.

Notes
Turn   | Place    | Note
-------+----------+-------------------------------------------
     0 | D:1      | slacker the Minotaur Berserker began the quest for the Orb.
     0 | D:1      | Reached XP level 1. HP: 19/19 MP: 0/0
    54 | D:1      | Reached skill level 4 in Axes
    62 | D:1      | Reached XP level 2. HP: 17/26 MP: 1/1
   452 | D:1      | Reached skill level 5 in Axes
   518 | D:1      | Reached ** piety under Trog
   518 | D:1      | Reached XP level 3. HP: 31/31 MP: 2/2
   839 | D:2      | Noticed Natasha
   843 | D:2      | Killed Natasha
   843 | D:2      | Reached XP level 4. HP: 39/39 MP: 3/3
   899 | D:2      | Reached skill level 6 in Axes
   946 | D:2      | Noticed Natasha
   946 | D:2      | Noticed Jessica
   958 | D:2      | Killed Natasha
   962 | D:2      | Killed Jessica
   969 | D:2      | Noticed Natasha
   975 | D:2      | Reached XP level 5. HP: 35/45 MP: 4/4
   980 | D:2      | Killed Natasha
   980 | D:2      | Reached skill level 7 in Axes
  1529 | D:3      | Reached *** piety under Trog
  1535 | D:3      | Found a faded altar of an unknown god.
  1676 | D:3      | Noticed Grinder
  1694 | D:3      | Reached skill level 8 in Axes
  1694 | D:3      | Reached XP level 6. HP: 51/51 MP: 5/5
  1702 | D:3      | Paralysed by Grinder for 7 turns
  1714 | D:3      | Paralysed by Grinder for 2 turns
  1723 | D:3      | HP: 2/51 [Grinder (2)]
  1724 | D:3      | Slain by Grinder

Skill      XL: |  1  2  3  4  5 |
---------------+----------------+-----
Axes           | 4 5 6 8 |  8.2
Fighting       | |  3.6
Armour         | |  2.4
Dodging        | |  2.1

Action                   |  1- 3 |  4- 6 || total
-------------------------+-------+-------++-------
Melee: Hand axe          |    68 |   107 ||   175
       Headbutt          |    14 |    15 ||    29
Invok: Trog's Hand       |       |     4 ||     4
       Berserk           |       |     3 ||     3
  Use: Potion            |       |     1 ||     1
  Eat: Chunk             |       |     6 ||     6
Armor: Animal skin       |     2 |       ||     2
       Chain mail        |    20 |    52 ||    72
Dodge: Dodged            |    42 |    43 ||    85
Block: Other             |       |     3 ||     3
